 Dungeon Crawl Stone Soup version 0.30-a0-339-g89bb51ec76 (webtiles) character file.

Game seed: 13834544981342393457

145 bande the Chopper (level 5, 0/47 HPs)
             Began as a Hill Orc Fighter on Oct 31, 2022.
             Was an Initiate of Beogh.
             Killed from afar by an orc wizard (7 damage)
             ... with a puff of flame
             ... on level 3 of the Dungeon on Nov 1, 2022.
             The game lasted 00:04:44 (1768 turns).

bande the Chopper (Hill Orc Fighter)                Turns: 1768, Time: 00:04:45

Health: 0/47       AC:  8    Str: 19    XL:     5   Next: 27%
Magic:  5/5        EV:  9    Int:  8    God:    Beogh [......]
Gold:   133        SH:  4    Dex: 12    Spells: 4/4 levels left

rFire   . . .      SeeInvis .    a - +0 war axe
rCold   x . .      Faith    .    c - +0 buckler
rNeg    . . .      Spirit   .    b - +0 scale mail
rPois   .          Reflect  .    (no helmet)
rElec   .          Harm     .    h - +0 cloak
rCorr   .          Rampage  .    (no gloves)
Will    .....                    (no boots)
Stlth   ..........               (no amulet)
HPRegen 0.27/turn                (no ring)
MPRegen 0.09/turn                (no ring)

@: no status effects
A: low MP 1, cold vulnerability 1
a: Renounce Religion


You were on level 3 of the Dungeon.
You worshipped Beogh.
Beogh was noncommittal.
You visited 1 branch of the dungeon, and saw 3 of its levels.

You collected 133 gold pieces.

Inventory:

Hand Weapons
 a - a +0 war axe (weapon)
Missiles
 j - a throwing net (quivered)
Armour
 b - a +0 scale mail (worn)
 c - a +0 buckler (worn)
 h - a +0 cloak (worn)
Jewellery
 e - a ring of wizardry
Scrolls
 f - a scroll of noise {unknown}
 g - a scroll of vulnerability {unknown}
 k - 2 scrolls of teleportation
Potions
 d - a potion of might
 l - a potion of curing {unknown}


   Skills:
 + Level 4.7 Fighting
 + Level 5.1 Axes
 + Level 3.9 Armour
 + Level 3.6 Shields
 * Level 1.1 Invocations


You had 4 spell levels left.
You didn't know any spells.
Your spell library contained the following spells:

 Spells                   Type           Power      Damage    Failure   Level
 Summon Small Mammal      Summ           0%         N/A       86%         1
 Blink                    Tloc           0%         N/A       94%         2
 Momentum Strike          Conj/Tloc      0%         3d8       94%         2
 Call Canine Familiar     Summ           0%         N/A       99%         3
 Lesser Beckoning         Tloc           0%         N/A       99%         3
 Summon Guardian Golem    Hex/Summ       0%         N/A       99%         3


Dungeon Overview and Level Annotations

Branches:
Dungeon (3/15)

Altars:


Innate Abilities, Weirdness & Mutations

Your magical capacity is low. (-10% MP)
You are vulnerable to cold. (rC-)


Message History

You barely miss something.
You hear some strange, mumbled words.
A magic dart appears from out of thin air!
The magic dart hits you.
You closely miss something.
An orc wizard appears from thin air!
Reactivating autopickup.
The orc wizard closely misses you. The orc wizard barely misses you.
You closely miss the orc wizard.
The orc wizard is severely wounded.
The orc wizard hits you but does no damage.
You barely miss the orc wizard.
The orc wizard is severely wounded.
The orc wizard hits you but does no damage.
You hit the orc wizard.
The orc wizard is almost dead.
The orc wizard casts a spell at you. The magic dart hits you!
* * * LOW HITPOINT WARNING * * *
The orc wizard barely misses you.
You closely miss the orc wizard.
The orc wizard is almost dead.
The orc wizard hits you with a +0 dagger.
* * * LOW HITPOINT WARNING * * *
You hit the orc wizard but do no damage.
The orc wizard is almost dead.
The orc wizard barely misses you.
You closely miss the orc wizard.
The orc wizard is almost dead.
The orc wizard mumbles some strange words.
The orc wizard flickers and vanishes!
Deactivating autopickup; reactivate with Ctrl-A.
Something hits you but does no damage.
You barely miss something. Something hits you.
* * * LOW HITPOINT WARNING * * *
You miss something.
You hear some strange, mumbled words.
A puff of flame appears from out of thin air!
The puff of flame hits you!
You die...
Beogh appreciates something's killing of a heretic priest.

########################
........................
############.$..........
#.#.#....... #.#.)##...
######.)))#.#..
.........{@#.#
######.#.)..# #.#....#
#.......# #........#
#.#........ #.#.........
#.#......##. ..o...#.


There were no monsters in sight!

Vanquished Creatures
  An orc priest (D:3)
  3 adders
  A worm (D:2)
  2 dart slugs
  8 orcs (D:3)
  6 ball pythons
  2 endoplasms (D:2)
  5 giant cockroaches
  3 goblins
  8 hobgoblins
  5 jackals (D:2)
  9 kobolds
  6 quokkas
  5 bats
  3 frilled lizards
  3 rats
70 creatures vanquished.

Notes
Turn   | Place    | Note
-------+----------+-------------------------------------------
     0 | D:1      | bande the Hill Orc Fighter began the quest for the Orb.
     0 | D:1      | Reached XP level 1. HP: 19/19 MP: 1/1
   224 | D:1      | Reached XP level 2. HP: 24/27 MP: 2/2
   306 | D:1      | Reached skill level 3 in Axes
   363 | D:1      | Gained mutation: You are weak. (Str -2) [potion of
                  | mutation]
   363 | D:1      | Gained mutation: You are dopey. (Int -2) [potion of
                  | mutation]
   363 | D:1      | Gained mutation: You have a pair of small horns on your
                  | head. [potion of mutation]
   364 | D:1      | Lost mutation: You are dopey. (Int -2) [potion of mutation]
   364 | D:1      | Lost mutation: You are weak. (Str -2) [potion of mutation]
   364 | D:1      | Lost mutation: You have a pair of small horns on your head.
                  | [potion of mutation]
   364 | D:1      | Gained mutation: Your magical capacity is low. (-10% MP)
                  | [potion of mutation]
   364 | D:1      | Gained mutation: You are vulnerable to cold. (rC-) [potion
                  | of mutation]
   470 | D:1      | Reached XP level 3. HP: 32/33 MP: 2/2
   522 | D:1      | You fall into a shaft and drop 1 floor!
   940 | D:2      | Reached XP level 4. HP: 39/41 MP: 3/3
  1029 | D:2      | Found a faded altar of an unknown god.
  1469 | D:2      | Reached skill level 4 in Axes
  1666 | D:3      | Became a worshipper of Beogh the Brigand
  1714 | D:3      | Reached skill level 1 in Invocations
  1718 | D:3      | HP: 1/41 [orc/+0 dagger (2)]
  1719 | D:3      | Reached skill level 5 in Axes
  1719 | D:3      | Reached XP level 5. HP: 2/47 MP: 3/5
  1768 | D:3      | Killed from afar by an orc wizard

Illustrated notes

Levels and vault maps discovered:
D:1:      lightli_arrival_statue_moat, layout_basic, minmay_small_reverse_x
D:2:      minmay_chambers_of_ones, layout_basic, chequers_ecumenical_altar_lobes
D:3:      layout_loops_ring, minmay_misc_feat_secret_circle, dk_vineyard_2

Skill      XL: |  1  2  3  4 |
---------------+-------------+-----
Fighting       | 4 |  4.7
Axes           | 3 5 |  5.1
Invocations    | 1 |  1.1
Armour         | |  3.9
Shields        | |  3.6

Action                   |  1- 3 |  4- 6 || total
-------------------------+-------+-------++-------
Melee: War axe           |    73 |   104 ||   177
Invok: Convert to Beogh  |       |     1 ||     1
  Use: Scroll            |     5 |       ||     5
       Potion            |     2 |     1 ||     3
Armor: Scale mail        |    37 |    81 ||   118
Dodge: Dodged            |    32 |    57 ||    89
Block: Buckler           |    22 |    19 ||    41

Table legend: (Time is in decaauts)
 A = Elapsed time spent in this place.
 B = Non-inter-level travel time spent in this place.
 C = Inter-level travel time spent in this place.
 D = Time resting spent in this place.
 E = Time spent auto-exploring this place.
 F = Levels seen in this place.
 G = Mean time per level.
                   A        B        C        D        E       F      G
               +--------+--------+--------+--------+--------+-----+--------+
         Total |   1829 |   1829 |      0 |      0 |   1331 |   3 |  609.7 |
       Dungeon |   1829 |   1829 |      0 |      0 |   1331 |   3 |  609.7 |
               +--------+--------+--------+--------+--------+-----+--------+

Top non-repeatable levels by time:
     D:2: 949 daAuts
     D:1: 761 daAuts
     D:3: 118 daAuts
